 Dungeon Crawl Stone Soup version 0.29.1-1-gd02db6906a (webtiles) character file.

Game seed: 2200248261863407809

47 Sobieck the Trooper (level 3, 0/31 HPs)
             Began as a Palentonga Abyssal Knight on Sept 29, 2022.
             Was a Priest of Lugonu.
             Slain by an adder (2 damage)
             ... on level 2 of the Dungeon.
             The game lasted 00:01:46 (793 turns).

Sobieck the Trooper (Palentonga Abyssal Knight)      Turns: 793, Time: 00:01:47

Health: 0/31       AC:  4    Str: 15 (18) XL:     3   Next: 48%
Magic:  5/5        EV:  9    Int:  9 (10) God:    Lugonu [***...]
Gold:   89         SH:  0    Dex:  8 (10) Spells: 2/2 levels left

rFire   + . .      SeeInvis +   a - +1 hand axe {axe}
rCold   + + .      Faith    .   (no shield)
rNeg    . . .      Spirit   .   b - +0 leather armour
rPois   +          Reflect  .   (no helmet)
rElec   +          Harm     .   (no cloak)
rCorr   +          Rampage  .   (no gloves)
Will    .....                   (no barding)
Stlth   +.........              (no amulet)
HPRegen 0.10/turn               f - ring of poison resistance
MPRegen 0.09/turn               m - ring of protection from cold

@: lethally poisoned (0 -> -2), resistant, flying
A: large, rugged brown scales 3, see invisible, deformed body, roll 1, armoured
tail, weak 1
a: Rolling Charge, Renounce Religion, Depart the Abyss, Bend Space, Banish


You were on level 2 of the Dungeon.
You worshipped Lugonu.
Lugonu was most pleased with you.
You visited 1 branch of the dungeon, and saw 2 of its levels.
You visited the Abyss 1 time.

You collected 89 gold pieces.


Innate Abilities, Weirdness & Mutations

You are completely covered in rugged brown scales. (AC +3, +7% HP)
You have supernaturally acute eyesight. (SInv)
Armour fits poorly on your strangely shaped body.
You can roll at nearby foes to attack.
You have a long armoured tail.
You are weak. (Str -2)


   Skills:
 + Level 3.2 Fighting
 * Level 2.6 Axes
 + Level 1.9 Armour
 + Level 1.1 Dodging
 * Level 2.9 Invocations


You had 2 spell levels left.
You didn't know any spells.
Your spell library contained the following spells:

 Spells                   Type           Power      Damage    Failure   Level
 Sandblast                Erth           0%         2d4       45%         1
 Summon Small Mammal      Summ           0%         N/A       45%         1
 Blink                    Tloc           0%         N/A       58%         2
 Passwall                 Tmut/Erth      0%         N/A       58%         2
 Call Canine Familiar     Summ           0%         N/A       83%         3
 Stone Arrow              Conj/Erth      0%         3d7       83%         3
 Summon Guardian Golem    Hex/Summ       0%         N/A       83%         3
 Manifold Assault         Tloc           0%         N/A       100%        5
 Storm Form               Tmut/Air       0%         N/A       100%        7

Inventory:

Hand Weapons
 a - a +1 hand axe (weapon) {axe}
Missiles
 r - 7 stones {throwing}
Armour
 b - a +0 leather armour (worn)
 h - a +0 pair of gloves
   (You found it on level 1 of the Dungeon)
 i - a +0 ring mail
   (You found it on level 1 of the Dungeon)
 o - a +0 leather armour
   (You found it on level 1 of the Dungeon)
 p - a +0 robe
   (You found it on level 1 of the Dungeon)
Jewellery
 f - a ring of poison resistance (left hand)
   (You found it on level 1 of the Dungeon)
 m - a ring of protection from cold (right hand)
   (You found it on level 1 of the Dungeon)
Scrolls
 c - a scroll of poison {unknown}
 d - a scroll of summoning {unknown}
 e - a scroll of amnesia {unknown}
 g - 2 scrolls of magic mapping {unknown}
 l - a scroll of identify {unknown}
Potions
 k - a potion of resistance
 n - 3 potions of mutation {!q}
 q - a potion of degeneration {!q@e2}

Dungeon Overview and Level Annotations

Branches:
Dungeon (2/15) Zot: 11194

Altars:

...### #.?.#. #....
#._.# ....#### #...#.##
#.S†..# ##@†# . ##..## .
...#...###############.
.......................
#......................
#..<....######.......###
.............'......<..#
...........###.......#.#
........##...........#.#


You could see an adder.


Message History

The ball python hisses angrily.
You hear an angry hiss. x2
A ball python comes into view.
A quokka comes into view.
The ball python moves out of view.
You hear an angry hiss.
Danger!
You roll forward with a clatter of scales!
An adder comes into view.
Found a scroll labelled NEOHA ETUHIH.
Found a faded altar of an unknown god.
You slice the quokka!!
You kill the quokka!
Lugonu accepts your kill.
You completely miss the ball python.
An adder comes into view.
A ball python comes into view. x2
Unknown command.
Unknown command.
You roll forward with a clatter of scales!
You barely miss the ball python.
The ball python hisses angrily. x2
You hit the adder. You hit the ball python.
You kill the ball python!
Lugonu accepts your kill. The adder closely misses you.
The ball python barely misses you. The adder closely misses you.
Unknown command.
Unknown command.
You hit the adder.
Your tail-slap misses the adder.
You closely miss the ball python. The ball python bites you.
The adder bites you. The ball python completely misses you.
You hit the adder.
You kill the adder!
Lugonu accepts your kill.
You barely miss the ball python.
The ball python bites you but does no damage.
There's nothing you can charge at!
You closely miss the ball python. You tail-slap the ball python.
You kill the ball python!
Lugonu accepts your kill.
You hit the ball python.
The ball python bites you but does no damage.
You closely miss the adder. The adder bites you.
The ball python bites you but does no damage.
You closely miss the adder. You hit the ball python.
The adder barely misses you. The ball python barely misses you.
The adder bites you but does no damage.
You barely miss the ball python. You barely miss the adder.
You barely miss the ball python. The ball python barely misses you.
The ball python closely misses you. The adder bites you but does no damage.
The ball python barely misses you.
The ball python bites you but does no damage.
You slash the ball python!
You kill the ball python!
Lugonu accepts your kill.
You can now banish your foes.
You closely miss the adder. You hit the ball python.
You kill the ball python!
Lugonu accepts your kill. The adder bites you.
You are poisoned.
The adder poisons you! The adder bites you.
You barely miss the adder. You tail-slap the adder.
You feel sick. The adder bites you but does no damage.
Unknown command.
You barely miss the adder.
You feel sick. The adder bites you.
You are more poisoned.
The adder poisons you! The adder bites you.
You hit the adder.
You feel very sick. The adder bites you.
* * * LOW HITPOINT WARNING * * *
You are lethally poisoned!
The adder poisons you!
You barely miss the adder.
* * * LOW HITPOINT WARNING * * *
You feel very sick. The adder closely misses you. The adder barely misses you.
Unknown command.
You miss the adder.
Your tail-slap misses the adder.
* * * LOW HITPOINT WARNING * * *
You feel sick. The adder completely misses you. The adder closely misses you.
Unknown command.
It was a potion of resistance.
You feel protected.
* * * LOW HITPOINT WARNING * * *
You feel sick. The adder closely misses you.
It was a potion of degeneration.
There was something very wrong with that liquid.
You feel weakened.
You feel dopey.
You feel clumsy.
* * * LOW HITPOINT WARNING * * *
You feel sick. The adder barely misses you.
Unknown command.
It was a potion of mutation.
You feel extremely strange.
You feel weaker.
* * * LOW HITPOINT WARNING * * *
You feel sick. The adder closely misses you.
It was a potion of flight.
You feel very buoyant.
You fly up into the air.
* * * LOW HITPOINT WARNING * * *
You feel sick. The adder bites you but does no damage. The adder bites you.
You die...

Skill      XL: |  1  2 |
---------------+-------+-----
Dodging        | 1 |  1.1
Fighting       | |  3.2
Axes           | |  2.6
Armour         | |  1.9
Invocations    | |  2.9

Action                   || total
-------------------------++-------
Melee: Hand axe          ||    71
       Tailslap          ||     4
 Abil: Rolling Charge    ||    19
  Use: Potion            ||     4
Armor: Leather armour    ||    24
Dodge: Dodged            ||    43

Levels and vault maps discovered:
D:1:      lightli_arrival_flooded_house, layout_rooms, corexii_corridor_pit,
          minivault_4
D:2:      layout_basic, nicolae_ecumenical_snake_handling,
          nicolae_shop_vocational, uniq_jessica

Notes
Turn   | Place    | Note
-------+----------+-------------------------------------------
     0 | Abyss:1  | Sobieck the Palentonga Abyssal Knight began the quest for
                  | the Orb.
     0 | Abyss:1  | Reached XP level 1. HP: 19/19 MP: 2/2
     1 | D:1      | You pass through the gate.
     1 | D:1      | Escaped the Abyss
    99 | D:1      | You pick up a book of Geomancy and begin reading...
    99 | D:1      | You add the spells Sandblast, Passwall and Stone Arrow to
                  | your library.
   103 | D:1      | You add the spells Blink, Manifold Assault and Storm Form
                  | to your library.
   132 | D:1      | Reached XP level 2. HP: 22/25 MP: 3/3
   168 | D:1      | You pick up a book of Callings and begin reading...
   168 | D:1      | You add the spells Summon Small Mammal, Call Canine
                  | Familiar and Summon Guardian Golem to your library.
   449 | D:1      | Reached skill level 1 in Dodging
   644 | D:1      | Reached XP level 3. HP: 31/31 MP: 5/5
   776 | D:2      | Found a faded altar of an unknown god.
   784 | D:2      | Reached *** piety under Lugonu
   789 | D:2      | HP: 6/31 [poisoned by an adder]
   792 | D:2      | Gained mutation: You are weak. (Str -2) [potion of
                  | mutation]
   793 | D:2      | HP: 2/31 [poisoned by an adder]
   793 | D:2      | Slain by an adder

Vanquished Creatures
  An adder (D:2)
  A dart slug (D:1)
  2 endoplasms (D:1)
  2 giant cockroaches (D:1)
  2 goblins (D:1)
  3 hobgoblins (D:1)
  A kobold (D:1)
  2 quokkas
  11 ball pythons
  3 bats (D:1)
  A frilled lizard (D:1)
  2 rats (D:1)
31 creatures vanquished.

Table legend:
 A = Non-vault XP
 B = Vault XP
 C = Vault XP percentage of total XP
 D = Non-vault monster count
 E = Vault monster count
 F = Vault count percentage of total count
                 A         B        C        D         E       F
            +---------+---------+-------+---------+---------+-------
      Total |      63 |       5 |   7.4 |      28 |       3 |   9.7
            +---------+---------+-------+---------+---------+-------
        D:1 |      46 |       0 |   0.0 |      25 |       0 |   0.0
        D:2 |      17 |       5 |  22.7 |       3 |       3 |  50.0
            +---------+---------+-------+---------+---------+-------

Illustrated notes

Table legend:
 A = Kills in this place as a percentage of kills in entire the game.
 B = Kills by you in this place as a percentage of kills by you in the entire game.
 C = Kills by friends in this place as a percentage of kills by friends in the entire game.
 D = Other kills in this place as a percentage of other kills in the entire game.
 E = Experience gained in this place as a percentage of experience gained in the entire game.
 F = Experience gained in this place divided by the number of levels of this place that you have seen.
                   A       B       C       D       E      F
               +-------+-------+-------+-------+-------+----------------------
         Total | 100.0 | 100.0 |   N/A |   N/A | 100.0 |  22.7
       Dungeon | 100.0 | 100.0 |   N/A |   N/A | 100.0 |  34.0
               +-------+-------+-------+-------+-------+----------------------

Table legend: (Time is in decaauts)
 A = Elapsed time spent in this place.
 B = Non-inter-level travel time spent in this place.
 C = Inter-level travel time spent in this place.
 D = Time resting spent in this place.
 E = Time spent auto-exploring this place.
 F = Levels seen in this place.
 G = Mean time per level.
                   A        B        C        D        E       F      G
               +--------+--------+--------+--------+--------+-----+--------+
         Total |    805 |    788 |     17 |     96 |    546 |   3 |  268.3 |
       Dungeon |    804 |    787 |     17 |     96 |    546 |   2 |  402.0 |
         Abyss |      1 |      1 |      0 |      0 |      0 |   1 |    1.0 |
               +--------+--------+--------+--------+--------+-----+--------+

Top non-repeatable levels by time:
     D:1: 765 daAuts
     D:2: 39 daAuts
 Abyss:1: 1 daAuts
